 Dungeon Crawl Stone Soup version 0.30-a0-715-gdb4ae3ece1 (webtiles) character file.

Game seed: 5494699939026719588

17756 pokeman the Eclecticist (level 12, -5/66 HPs)
             Began as a Deep Elf Hedge Wizard on Jan 24, 2023.
             Was a Priest of Vehumet.
             Killed from afar by an efreet (28 damage)
             ... with a fireball
             ... on level 11 of the Dungeon.
             The game lasted 00:34:54 (13833 turns).

pokeman the Eclecticist (Deep Elf Hedge Wizard)    Turns: 13833, Time: 00:34:55

Health: -5/66      AC:  8    Str: 17    XL:     12   Next: 21%
Magic:  39/43      EV: 17    Int: 28    God:    Vehumet [***...]
Gold:   1613       SH:  0    Dex: 10    Spells: 22/44 levels left

rFire   . . .      SeeInvis +    w - +9 quarterstaff "Pagri" {spect, Will++ Str+8 Dex-4}
rCold   . . .      Faith    .    (shield currently unavailable)
rNeg    . . .      Spirit   .    R - +2 robe of the Dozen Hosts {Str+2 Int+3 SInv}
rPois   .          Reflect  .    c - +0 hat
rElec   .          Harm     .    t - +1 cloak
rCorr   .          Rampage  .    y - +0 pair of gloves
Will    +++..                    N - +0 pair of boots
Stlth   ++                       (no amulet)
HPRegen 0.31/turn                C - ring of magical power
MPRegen 0.28/turn                s - +5 ring of evasion

@: no status effects
A: no striking features
a: Renounce Religion


You were on level 11 of the Dungeon.
You worshipped Vehumet.
Vehumet was most pleased with you.
You visited 2 branches of the dungeon, and saw 12 of its levels.

You collected 1997 gold pieces.
You spent 384 gold pieces at shops.

Inventory:

Hand Weapons
 w - the +9 quarterstaff "Pagri" (weapon) {spect, Will++ Str+8 Dex-4}
   (You found it on level 3 of the Dungeon)

   Str:       It affects your strength (+8).
   Dex:       It affects your dexterity (-4).
   Will:      It greatly increases your willpower.
Missiles
 E - 2 throwing nets
Armour
 c - a +0 hat (worn)
 m - a +0 buckler
 t - a +1 cloak (worn)
 y - a +0 pair of gloves (worn)
 N - a +0 pair of boots (worn)
 R - the +2 robe of the Dozen Hosts (worn) {Str+2 Int+3 SInv}
   (You found it on level 8 of the Dungeon)

   Str:       It affects your strength (+2).
   Int:       It affects your intelligence (+3).
   SInv:      It lets you see invisible.
 Y - a +1 robe of cold resistance
Magical Staves
 h - a staff of poison
 Z - a staff of cold
Jewellery
 a - a ring of willpower
 l - a ring of flight
 s - a +5 ring of evasion (right hand)
 C - a ring of magical power (left hand)
Wands
 b - a wand of mindburst (6)
 x - a wand of digging (11)
 B - a wand of acid (15)
 T - a wand of iceblast (9)
Scrolls
 f - 2 scrolls of magic mapping
 i - a scroll of identify
 k - a scroll of fog
 p - 4 scrolls of teleportation
 M - a scroll of immolation {unknown}
 P - a scroll of enchant armour {unknown}
 Q - 2 scrolls of torment {unknown}
 S - a scroll of silence {unknown}
 U - a scroll of blinking {unknown}
 V - a scroll of fear {unknown}
Potions
 d - 4 potions of magic
 e - 4 potions of curing
 g - 5 potions of heal wounds
 j - a potion of brilliance
 L - a potion of attraction {unknown}
 W - a potion of mutation {unknown}


   Skills:
 - Level 4.0 Fighting
 + Level 4.3 Armour
 - Level 3.0 Dodging
 - Level 3.2 Stealth
 - Level 4.0 Shields
 * Level 16.8 Spellcasting
 + Level 10.0 Conjurations
 - Level 1.1 Summonings
 - Level 1.1 Translocations
 + Level 9.4 Fire Magic
 - Level 1.1 Ice Magic
 - Level 1.1 Air Magic
 - Level 1.0 Poison Magic
 - Level 1.0 Evocations


You had 22 spell levels left.
You knew the following spells:

 Your Spells              Type           Power      Damage    Failure   Level
a - Magic Dart            Conj           100%       1d8       1%          1
b - Mephitic Cloud        Conj/Pois/Air  46%        N/A       1%          3
c - Call Imp              Summ           29%        N/A       1%          2
d - Blink                 Tloc           58%        N/A       1%          2
e - Flame Wave            Conj/Fire      67%        2d15      1%          4
f - Iskenderun's Mystic   Conj/Tloc      53%        2d11      1%          4
g - Starburst             Conj/Fire      33%        6d10      1%          6

Your spell library contained the following spells:

 Spells                   Type           Power      Damage    Failure   Level
 Hailstorm                Conj/Ice       53%        3d12      1%          3
 Beastly Appendage        Tmut           46%        N/A       1%          1
 Shock                    Conj/Air       100%       1d9       1%          1
 Slow                     Hex            92%        N/A       1%          1
 Dazzling Flash           Conj/Hex       100%       N/A       1%          3
 Inner Flame              Hex/Fire       50%        N/A       1%          3
 Sticky Flame             Conj/Fire      67%        2d8       1%          4
 Cigotuvi's Dreadful Rot  Necr/Pois/Air  54%        N/A       2%          2
 Ensorcelled Hibernation  Hex/Ice        52%        N/A       2%          2
 Passwall                 Tmut/Erth      19%        N/A       3%          2
 Wereblood                Tmut           23%        N/A       3%          2
 Swiftness                Air            29%        N/A       3%          3
 Airstrike                Air            14%        2d(3-19)  3%          4
 Olgreb's Toxic Radiance  Pois           29%        N/A       3%          4
 Spider Form              Tmut/Pois      26%        N/A       4%          3
 Manifold Assault         Tloc           29%        N/A       13%         4
 Ignition                 Fire           33%        3d10      54%         8
 Ozocubu's Refrigeration  Ice            15%        4d10      92%         7
 Storm Form               Tmut/Air       13%        N/A       100%        7


Dungeon Overview and Level Annotations

Branches:
Dungeon (11/15)            Temple (1/1) D:4            Lair (0/5) D:10
    Orc: D:9-12

Altars:
Ashenzari
Cheibriados
Dithmenos
Elyvilon
Fedhas
Gozag
Hepliaklqana
Kikubaaqudgha
Makhleb
Nemelex Xobeh
Okawaru
Qazlal
Ru
Sif Muna
Trog
Uskayaw
Vehumet
Wu Jian
Xom
Yredelemnul
Zin
The Shining One

Shops:
D:2 :   D:9 (

Portals:
Trove: D:11 (give +5 demon whip)


Message History

Your +9 quarterstaff "Pagri" {spect, Will++ Str+8 Dex-4} hits the boulder beetle but does no damage.
The boulder beetle is engulfed in noxious fumes. x2
The boulder beetle bites your +9 quarterstaff "Pagri" {spect, Will++ Str+8 Dex-4}!
Your spectral weapon shares its damage with you!
* * * LOW HITPOINT WARNING * * *
Casting: Mephitic Cloud (safe; 1% risk of failure)
Confirm with . or Enter, or press ? or * to list all spells.
Casting: Starburst (dangerous; 1% risk of failure)
Press: ? - help, Dir - look around, f - activate The bolt of fire hits the boulder beetle!!
The boulder beetle is almost dead.
Casting: Starburst (dangerous; 1% risk of failure)
Confirm with . or Enter, or press ? or * to list all spells.
Casting: Starburst (dangerous; 1% risk of failure)
Press: ? - help, Dir - look around, f - activate The bolt of fire hits the boulder beetle!!
You kill the boulder beetle!
Vehumet accepts your kill.
Your Conjurations skill increases to level 10!
You start resting.
Magic restored.
You start resting.
HP restored.
There is a stone staircase leading down here.
You climb downwards.
The efreet gestures at you.
The fireball explodes!
The fireball engulfs you!
There is a stone staircase leading up, spattered with blood here.
The efreet gestures at you.
The fireball explodes!
The fireball engulfs you!!
Casting: Starburst (dangerous; 1% risk of failure)
Confirm with . or Enter, or press ? or * to list all spells.
You erupt in a blast of force!
The mystic blast hits the efreet!
The efreet is moderately wounded.
The efreet is knocked back by the mystic blast.
The efreet slams into the rock wall!
The efreet is heavily wounded.
The efreet gestures at you.
The fireball explodes!
The fireball engulfs you!!
You die...

##....# ..# #..#
#...8.### ##.###u###
#..8.8..###..##..# #
##)8.∩.8..###.##.####
#...8.8....#○.'.○...'
##...8.....#..####.##
#...####.##..# #..##
##...###.....# #'###
#.@##.##....##...##
#......<...☼#.#.#.#
###.........'.....'
#.........#..#..#
###R..>...#..#..#
#####...###'###
###..#.....#
##....#.#...#
##.....(.....'


You could see an efreet.

Vanquished Creatures
  Fannar (D:10)
  3 hydras (D:11)
  A boulder beetle (D:10)
  A two-headed ogre (D:11)
  2 deep elf pyromancers (D:11)
  A mana viper (shapeshifter) (D:11)
  3 ugly things (D:11)
  A manticore (D:11)
  2 cyclopes (D:11)
  An oklob plant (D:10)
  Maurice (D:8)
  2 unseen horrors (D:11)
  A tengu conjurer (D:11)
  An efreet (D:11)
  3 trolls
  2 hornets
  3 slime creatures (D:11)
  A centaur simulacrum (D:11)
  11 yaks
  Grum (D:8)
  4 steam dragons
  Menkaure (D:5)
  Duvessa (D:5)
  2 water moccasins
  2 acid dragons
  A black bear (D:7)
  3 ice beasts
  5 orc warriors
  3 sky beasts
  4 wolves (D:8)
  2 ogres (D:6)
  5 centaurs
  2 kobold brigands
  6 bullfrogs
  2 necrophages
  3 scorpions
  A gnoll sergeant (D:8)
  3 wights (D:8)
  Dowan (D:5)
  6 killer bees
  3 hounds
  2 jellies
  6 orc priests
  A gnoll bouda (D:6)
  7 orc wizards
  Natasha (thrice) (D:3)
  An iguana (D:4)
  18 gnolls
  9 adders
  2 white imps
  An ufetubus (D:5)
  2 worms
  2 dart slugs
  34 orcs
  3 bats
  9 endoplasms
  3 giant cockroaches
  7 goblins
  14 hobgoblins
  11 kobolds
  2 quokkas
  2 ball pythons
  2 frilled lizards
  5 rats
248 creatures vanquished.

Vanquished Creatures (collateral kills)
  A killer bee (D:8)
1 creature vanquished.

Vanquished Creatures (others)
  A slime creature (D:11)
  2 orcs (D:7)
3 creatures vanquished.

Grand Total: 252 creatures vanquished

Notes
Turn   | Place    | Note
-------+----------+-------------------------------------------
     0 | D:1      | pokeman the Deep Elf Hedge Wizard began the quest for the
                  | Orb.
     0 | D:1      | Reached XP level 1. HP: 10/10 MP: 7/7
   196 | D:1      | Reached XP level 2. HP: 14/15 MP: 1/9
   856 | D:1      | Reached skill level 5 in Spellcasting
  1133 | D:2      | Reached XP level 3. HP: 20/20 MP: 5/11
  1137 | D:2      | Learned a level 3 spell: Mephitic Cloud
  1140 | D:2      | Learned a level 2 spell: Call Imp
  1143 | D:2      | Learned a level 2 spell: Blink
  1330 | D:2      | Reached skill level 1 in Fighting
  1330 | D:2      | Reached skill level 1 in Armour
  1494 | D:2      | Found Kegrotz's Book Shop.
  1805 | D:2      | Reached XP level 4. HP: 25/25 MP: 8/13
  2162 | D:3      | HP: 1/25 [poisoned by miscasting Mephitic Cloud]
  2357 | D:3      | Noticed Natasha
  2369 | D:3      | Killed Natasha
  2370 | D:3      | Reached skill level 6 in Spellcasting
  2370 | D:3      | Reached XP level 5. HP: 25/29 MP: 3/15
  2472 | D:3      | Found a faded altar of an unknown god.
  2530 | D:3      | Identified the +2 cloak "Bek Otog" {rPois rCorr MP-9 Str+5}
  2671 | D:3      | Noticed Natasha
  2683 | D:3      | Killed Natasha
  2684 | D:3      | Reached skill level 1 in Shields
  2766 | D:3      | Identified the +9 quarterstaff "Pagri" {spect, Will++ Str+8
                  | Dex-4}
  2848 | D:3      | Noticed Natasha
  2853 | D:3      | Killed Natasha
  3210 | D:4      | Learned a level 4 spell: Flame Wave
  3241 | D:4      | Noticed an ice beast
  3248 | D:4      | Killed an ice beast
  3249 | D:4      | Reached skill level 1 in Air Magic
  3249 | D:4      | Reached XP level 6. HP: 34/34 MP: 12/17
  3786 | D:4      | Reached skill level 7 in Spellcasting
  3828 | D:4      | Reached skill level 1 in Fire Magic
  4061 | D:4      | Reached skill level 1 in Poison Magic
  4140 | D:4      | Found a staircase to the Ecumenical Temple.
  4147 | Temple   | Entered the Ecumenical Temple
  4347 | D:5      | Entered Level 5 of the Dungeon
  4367 | D:5      | Noticed an ice beast
  4375 | D:5      | Killed an ice beast
  4403 | D:5      | Reached XP level 7. HP: 38/38 MP: 16/20
  4453 | D:5      | Reached skill level 1 in Evocations
  4511 | D:5      | Noticed Duvessa
  4517 | D:5      | Noticed Dowan
  4520 | D:5      | Killed Duvessa
  4524 | D:5      | Killed Dowan
  4525 | D:5      | Reached skill level 8 in Spellcasting
  5151 | D:5      | Noticed Menkaure
  5160 | D:5      | Killed Menkaure
  5251 | D:5      | Found a radiant altar of Vehumet.
  5260 | D:5      | Became a worshipper of Vehumet
  5383 | D:5      | Found a white marble altar of Elyvilon.
  5589 | D:6      | Reached skill level 9 in Spellcasting
  5589 | D:6      | Reached XP level 8. HP: 44/44 MP: 19/23
  5851 | D:6      | Found a sacrificial altar of Ru.
  5950 | D:6      | Reached skill level 5 in Conjurations
  6332 | D:6      | Identified the +4 dagger of Charmed Prudence {holy, rN+
                  | Str-4 Int+5 Stlth+}
  6485 | D:7      | Reached skill level 10 in Spellcasting
  6502 | D:7      | Reached * piety under Vehumet
  6502 | D:7      | Offered knowledge of Sandblast by Vehumet.
  6507 | D:7      | Noticed a hornet
  6509 | D:7      | Reached XP level 9. HP: 48/48 MP: 16/25
  6515 | D:7      | Reached skill level 11 in Spellcasting
  6533 | D:7      | Reached skill level 5 in Fire Magic
  6882 | D:7      | Found a glowing golden altar of the Shining One.
  7153 | D:7      | Found a bloodstained altar of Trog.
  7396 | D:8      | Noticed Grum
  7405 | D:8      | Killed Grum
  7406 | D:8      | Reached skill level 12 in Spellcasting
  7550 | D:8      | Identified the +2 robe of the Dozen Hosts {Str+2 Int+3
                  | SInv}
  7629 | D:8      | Reached XP level 10. HP: 53/53 MP: 21/28
  7733 | D:8      | Found a burning altar of Makhleb.
  7744 | D:8      | Reached ** piety under Vehumet
  7995 | D:8      | Offered knowledge of Static Discharge by Vehumet.
  8071 | D:8      | Identified the +1 short sword of the Shifting Coward {holy,
                  | rF+}
  8073 | D:8      | Noticed Maurice
  8081 | D:8      | Killed Maurice
  8082 | D:8      | Reached skill level 13 in Spellcasting
  8286 | D:8      | Identified the +4 war axe "Xiyzat" {antimagic, Str-5 Int+2
                  | Dex+6}
  8438 | D:9      | Found Ligik's Antique Weapon Emporium.
  8950 | D:9      | Offered knowledge of Kindle Blastsparks by Vehumet.
  9466 | D:10     | Entered Level 10 of the Dungeon
  9560 | D:10     | Reached skill level 14 in Spellcasting
  9714 | D:10     | Reached *** piety under Vehumet
  9820 | D:10     | Noticed an oklob plant
  9827 | D:10     | Found a staircase to the Lair.
  9834 | D:10     | Killed an oklob plant
  9835 | D:10     | Reached XP level 11. HP: 59/59 MP: 31/31
 10015 | D:10     | Noticed Fannar
 10026 | D:10     | Killed Fannar
 11125 | D:11     | Found a portal to a secret trove of treasure.
 11187 | D:11     | Noticed a two-headed ogre
 11208 | D:11     | Killed a two-headed ogre
 11209 | D:11     | Reached skill level 1 in Ice Magic
 11255 | D:11     | Noticed a green ugly thing
 11503 | D:11     | Killed a green ugly thing
 11504 | D:11     | Reached skill level 15 in Spellcasting
 11663 | D:11     | Noticed a mana viper
 11670 | D:11     | Killed a mana viper
 11735 | D:11     | Noticed a deep elf pyromancer
 11745 | D:11     | Killed a deep elf pyromancer
 11818 | D:11     | Offered knowledge of Hailstorm by Vehumet.
 11822 | D:11     | Noticed a four-headed hydra
 11824 | D:11     | Noticed a deep elf pyromancer
 11844 | D:11     | Killed a deep elf pyromancer
 11846 | D:11     | Noticed a six-headed hydra
 12209 | D:2      | Bought a book of Spectacle for 384 gold pieces
 12214 | D:2      | Learned a level 4 spell: Iskenderun's Mystic Blast
 12221 | D:2      | Learned a level 6 spell: Starburst
 12462 | D:11     | Killed a four-headed hydra
 12484 | D:11     | Noticed a seven-headed hydra
 12487 | D:11     | Reached skill level 16 in Spellcasting
 12490 | D:11     | Killed a seven-headed hydra
 12631 | D:11     | Killed a six-headed hydra
 12632 | D:11     | Reached XP level 12. HP: 63/66 MP: 14/34
 13207 | D:11     | Noticed a boulder beetle
 13385 | D:11     | HP: 3/66 [boulder beetle (10)]
 13634 | D:10     | Killed a boulder beetle
 13635 | D:10     | Reached skill level 10 in Conjurations
 13833 | D:11     | Killed from afar by an efreet

Illustrated notes

Levels and vault maps discovered:
D:1:      lemuel_arrival_river_ford, layout_loops_ring, minmay_tiny_reverse_x
D:2:      layout_loops_ring, serial_shops,
          nicolae_shop_competitors_out_of_business
D:3:      layout_basic, hellmonk_ecumenical_altar_lost_god, uniq_natasha
D:4:      layout_basic, minmay_temple_entry_fiery
D:5:      layout_loops_ring, lemuel_coloured_pillars_altar, lemuel_round_altar,
          kennysheep_generic_room_3, uniq_menkaure, uniq_duvessa
D:6:      layout_gridville, nicolae_ru_great_annihilating_truth
D:7:      layout_basic, lemuel_tele_altar, kennysheep_mini_moat,
          grunt_ministairs_7, minmay_fractal_squares_diagonal_5
D:8:      kennysheep_big_flooded_room, layout_loops_corners,
          lightli_temple_of_fire, dreamdust_princess_bridge, uniq_grum,
          uniq_maurice
D:9:      layout_loops_ring, serial_shops, nicolae_shop_crystal,
          minmay_misc_feat_alley
D:10:     layout_long_grid, dpeg_oklobed_lair, uniq_fannar
D:11:     minmay_the_grid_square_5x5_5x5 [minmay_the_grid_square_5x5_hourglass,
          minmay_the_grid_square_5x5_detours,
          minmay_the_grid_square_5x5_tri_point,
          minmay_the_grid_square_5x5_two_walls_a,
          minmay_the_grid_square_5x5_seven, minmay_the_grid_square_5x5_shuriken,
          minmay_the_grid_square_5x5_prize_rear_guard,
          minmay_the_grid_square_5x5_tetrominoes,
          minmay_the_grid_square_5x5_prize_gold,
          minmay_the_grid_square_5x5_two_walls_b,
          minmay_the_grid_square_5x5_three, minmay_the_grid_square_5x5_moneybag,
          minmay_the_grid_square_5x5_prize_pseudospiral,
          minmay_the_grid_square_5x5_corner, minmay_the_grid_square_5x5_inner_v,
          minmay_the_grid_square_5x5_plus,
          minmay_the_grid_square_5x5_prize_deathbox,
          minmay_the_grid_square_5x5_eight_small,
          minmay_the_grid_square_5x5_prize_itemx,
          minmay_the_grid_square_5x5_slash,
          minmay_the_grid_square_5x5_misaligned,
          minmay_the_grid_square_5x5_shrine2, minmay_the_grid_square_5x5_six,
          minmay_the_grid_square_5x5_longway, minmay_the_grid_square_5x5_bite],
          layout_cave_pools, enter_trove_2, roderic_serpentine_path
Temple:   kb_temple_of_zot

Skill      XL: |  1  2  3  4  5  6  7  8  9 10 11 12 |
---------------+-------------------------------------+-----
Spellcasting   | 5 6 7 9 10 12 14 16 | 16.8
Conjurations   | 2 3 4 5 7 8 9 10 | 10.0
Fighting       | 1 2 4 |  4.0
Armour         | 1 2 3 4 |  4.3
Dodging        | 3 |  3.0
Shields        | 1 2 3 4 |  4.0
Stealth        | 3 |  3.2
Air Magic      | 1 |  1.1
Fire Magic     | 1 3 4 6 7 9 |  9.4
Poison Magic   | 1 |  1.0
Evocations     | 1 |  1.0
Ice Magic      | 1 |  1.1
Summonings     | |  1.1
Translocations | |  1.1

Action                     |  1- 3 |  4- 6 |  7- 9 | 10-12 || total
---------------------------+-------+-------+-------+-------++-------
  Melee: Dagger            |     8 |       |       |       ||     8
         Short sword       |     8 |    33 |       |       ||    41
         Quarterstaff      |       |    10 |    75 |    86 ||   171
   Cast: Magic Dart        |    82 |    79 |    81 |    60 ||   302
         Mephitic Cloud    |     1 |     5 |    18 |    39 ||    63
         Flame Wave        |       |       |     1 |    19 ||    20
         Call Imp          |       |       |       |     4 ||     4
         Starburst         |       |       |       |    15 ||    15
         Blink             |       |       |       |     1 ||     1
         Iskenderun's Myst |       |       |       |    26 ||    26
  Evoke: Wand              |       |       |       |     2 ||     2
    Use: Potion            |       |     2 |       |       ||     2
         Scroll            |       |       |       |    14 ||    14
   Stab: Sleeping          |     1 |     1 |     1 |       ||     3
         Confused          |     1 |     2 |     8 |     6 ||    17
 Armour: Robe              |     6 |     3 |     3 |    12 ||    24
         Steam dragon scal |       |       |     4 |       ||     4
  Dodge: Dodged            |     9 |    28 |    67 |    89 ||   193

Table legend: (Time is in decaauts)
 A = Elapsed time spent in this place.
 B = Non-inter-level travel time spent in this place.
 C = Inter-level travel time spent in this place.
 D = Time resting spent in this place.
 E = Time spent auto-exploring this place.
 F = Levels seen in this place.
 G = Mean time per level.
                   A        B        C        D        E       F      G
               +--------+--------+--------+--------+--------+-----+--------+
         Total |  13908 |  12724 |   1184 |   1517 |   9332 |  12 | 1159.0 |
       Dungeon |  13754 |  12588 |   1166 |   1517 |   9252 |  11 | 1250.4 |
        Temple |    154 |    136 |     18 |      0 |     80 |   1 |  154.0 |
               +--------+--------+--------+--------+--------+-----+--------+

Top non-repeatable levels by time:
    D:10: 2536 daAuts
     D:5: 1312 daAuts
     D:4: 1231 daAuts
     D:8: 1227 daAuts
     D:3: 1130 daAuts
    D:11: 1127 daAuts
     D:9: 1124 daAuts
     D:2: 1083 daAuts
     D:1: 1047 daAuts
     D:6: 986 daAuts
     D:7: 946 daAuts
  Temple: 154 daAuts
